 Dungeon Crawl Stone Soup version 0.26-a0-651-gb41185065b (webtiles) character file.

Game seed: 3617158554398852796

33599 Flugslaktarn the Protected (level 13, -32/127 HPs)
             Began as a Deep Dwarf Fighter on Oct 7, 2020.
             Was a High Priest of Makhleb.
             Killed from afar by Frances (39 damage)
             ... with a shard of ice
             ... on level 13 of the Dungeon.
             The game lasted 00:07:23 (9076 turns).

Flugslaktarn the Protected (Deep Dwarf Fighter)     Turns: 9076, Time: 00:07:23

Health: -32/127    AC: 20    Str: 31    XL:     13   Next: 37%
Magic:  12/12      EV: 10    Int:  9    God:    Makhleb [*****.]
Gold:   674        SH: 11    Dex: 12    Spells: 12/12 levels left

rFire    + + .     SeeInvis .   c - +7 war axe (venom)
rCold    . . .     Faith    .   M - +0 kite shield {AC+3}
rNeg     + . .     Spirit   .   C - +7 chain mail of Thoughtfulness {rElec rF+ rN+}
rPois    .         Reflect  .   H - +0 hat {MR+}
rElec    +         Harm     .   (no cloak)
rCorr    .         Rampage  .   (no gloves)
MR       ++...                  i - +0 pair of boots
Stlth    ..........             (no amulet)
HPRegen  0.00/turn              m - +6 ring of strength
MPRegen  0.13/turn              f - ring of protection from fire

@: corroded, non-regenerating, studying Armour
A: damage resistance, heal wounds, sense surroundings 2, no regeneration
a: Heal Wounds, Minor Destruction, Lesser Servant of Makhleb, Major Destruction,
Greater Servant of Makhleb, Renounce Religion


You were on level 13 of the Dungeon.
You worshipped Makhleb.
Makhleb was extremely pleased with you.
You visited 2 branches of the dungeon, and saw 14 of its levels.
You also visited: Gauntlet.

You collected 674 gold pieces.

Inventory:

Hand Weapons
 c - a +7 war axe of venom (weapon)
   (You found it on level 9 of the Dungeon)
 o - a +2 war axe of flaming
   (You took it off an orc warrior on level 9 of the Dungeon)
Armour
 i - a +0 pair of boots (worn)
   (You found it on level 4 of the Dungeon)
 u - +0 gold dragon scales
   (You found it on level 2 of the Dungeon)
 C - the +7 chain mail of Thoughtfulness (worn) {rElec rF+ rN+}
   (You found it on level 10 of the Dungeon)

   It protects you from fire.
   It insulates you from electricity.
   It protects you from negative energy.
 H - a +0 hat of magic resistance (worn)
   (You took it off Gastronok on level 11 of the Dungeon)
 I - a +1 tower shield of poison resistance
   (You took it off a minotaur in a Gauntlet)
 M - a +0 kite shield of protection (worn)
   (You took it off a tengu warrior on level 9 of the Dungeon)
Jewellery
 f - a ring of protection from fire (right hand)
   (You found it on level 8 of the Dungeon)
 m - a +6 ring of strength (left hand)
   (You found it on level 4 of the Dungeon)
 L - an uncursed ring of protection from cold {unknown}
   (You found it on level 12 of the Dungeon)
 N - an uncursed amulet of reflection {unknown}
   (You found it on level 13 of the Dungeon)
Wands
 g - a wand of digging (11)
   (You found it on level 5 of the Dungeon)
 k - a wand of acid (15)
   (You found it on level 3 of the Dungeon)
 F - a wand of iceblast (9)
   (You found it on level 7 of the Dungeon)
 G - a wand of enslavement (12)
   (You found it in a Gauntlet)
Scrolls
 a - 2 scrolls of fear
 b - 3 scrolls of immolation
 e - a scroll of enchant weapon
 l - 4 scrolls of magic mapping
 r - a scroll of identify
 t - 7 scrolls of teleportation
 v - a scroll of enchant armour {unknown}
 x - 7 scrolls of remove curse
 y - a scroll of fog
 J - a scroll of summoning {unknown}
Potions
 d - 2 potions of might
 h - 5 potions of haste
 j - 4 potions of magic
 p - a potion of resistance {unknown}
 q - 3 potions of curing
 s - a potion of mutation
 w - a potion of cancellation {unknown}
 z - 3 potions of flight {unknown}
 A - a potion of berserk rage {unknown}
 B - 2 potions of lignification {unknown}
 D - a potion of invisibility {unknown}
 E - a potion of stabbing {unknown}
 K - 3 potions of heal wounds {unknown}
Books
 n - a manual of Armour
   (You acquired it on level 9 of the Dungeon)


   Skills:
 * Level 11.4 Fighting
 * Level 13.0 Axes
 + Level 13.1 Armour
 - Level 6.0 Dodging
 - Level 4.6 Shields
 + Level 10.0 Invocations
 + Level 9.4 Evocations


You had 12 spell levels left.
You didn't know any spells.
Your spell library contained the following spells:

 Spells                   Type           Power        Failure   Level
 Irradiate                Conj/Tmut      #.........   100%        5
 Hydra Form               Tmut           #.........   100%        6
 Statue Form              Tmut/Erth      #........    100%        6
 Dragon Form              Tmut           #.........   100%        7


Dungeon Overview and Level Annotations

Branches:
Dungeon (13/15)            Temple (1/1) D:5            Lair (0/6) D:9
    Orc (0/2) D:12         Vaults (0/5) D:13        Gauntlet (visited)

Altars:
Ashenzari
Cheibriados
Dithmenos
Elyvilon
Fedhas
Gozag
Hepliaklqana
Kikubaaqudgha
Makhleb
Nemelex Xobeh
Okawaru
Qazlal
Ru
Sif Muna
Trog
Uskayaw
Vehumet
Wu Jian
Xom
Yredelemnul
Zin

Shops:
D:5 !   D:10 [=[

Annotations:
D:5 2 transporters
D:8 1 runed translucent door, sinister's ghost, journeyman FoFi
D:13 Frances


Innate Abilities, Weirdness & Mutations

You are resistant to damage.
You can heal yourself by infusing magical energy.
You passively map the area around you.
You do not regenerate.


Message History

* * * LOW HITPOINT WARNING * * *
You block the soul eater's attack. The rust devil hits you.
The rust devil corrodes you!
You are too injured to fight recklessly!
You are too injured to fight recklessly!
You are too injured to fight recklessly!
You feel much better.
Frances screams a word of power!
The iron shot hits you!!!
* * * LOW HITPOINT WARNING * * *
You block the soul eater's attack. You block the rust devil's attack.
Frances mutters in a terrible tongue.
You hit the ice devil but do no damage. You barely miss the soul eater.
You hit Frances.
You hit the rust devil but do no damage.
You hit the neqoxec.
The soul eater disappears in a puff of smoke!
Frances mutters in a terrible tongue.
The shard of ice hits you!!!
You die...

##.(>....# #...# *
...(.....# ##### ,
...))....#### * *#
............### .# ,,
...#####(|....####* ..#* *
...#...#)........# ...# ,
...#._.'.8.......##..[#.,
...#...#.......4.ยง......,
, ,
...#####........@@......
,,,
...............3.4...... <
>.......................
........)...............
,, ,,,
##.......#####.......#..
*, * #.......##
###.....#,. ##........#
#.....#* * #.........####
####### .............#


You could see Frances (fast, extremely poisoned), an ice devil (summoned), a
rust devil (summoned, very poisoned) and a neqoxec (summoned).

Vanquished Creatures
  Gastronok (D:11)
  A minotaur (Gauntlet)
  Josephine (D:11)
  Fannar (D:11)
  A rakshasa (D:13)
  2 centaur warriors (D:13)
  A tengu warrior (D:9)
  2 two-headed ogres
  3 sixfirhies (Gauntlet)
  An orange crystal statue (Gauntlet)
  2 unseen horrors
  2 deep elf magi
  2 ugly things
  An orc knight (D:13)
  3 cyclopes
  A moth of wrath (Gauntlet)
  3 centaur zombies
  A manticore (D:13)
  A gargoyle (D:11)
  A komodo dragon (D:10)
  A freezing wraith (D:9)
  2 trolls
  Prince Ribbit (D:7)
  5 hippogriffs
  2 shadows
  14 humans (D:13)
  6 wraiths
  11 yaks
  2 steam dragons
  Edmund (D:4)
  2 wargs (D:9)
  Duvessa (D:4)
  4 water moccasins
  A hornet zombie (D:10)
  5 sky beasts
  A swamp drake (D:12)
  10 ice beasts
  7 orc warriors
  2 black bears
  2 phantoms
  7 ogres
  6 wolves (Gauntlet)
  10 centaurs
  A crocodile (D:11)
  5 big kobolds
  6 bullfrogs
  A gnoll sergeant (D:11)
  Dowan (D:4)
  7 scorpions
  5 killer bees (D:11)
  22 wights
  3 howler monkeys (D:9)
  3 bullfrog zombies
  9 hounds
  A wyvern simulacrum (D:9)
  A quasit (D:8)
  9 orc priests
  3 centaur skeletons
  4 jellies
  3 bullfrog skeletons
  8 orc wizards
  9 worker ants
  3 iguanas
  Ijyb (D:4)
  A killer bee zombie (D:8)
  2 howler monkey zombies
  2 worker ant zombies
  8 gnolls
  12 adders
  An ooze (D:2)
  An adder skeleton (D:9)
  A worm (D:4)
  5 leopard geckos
  45 orcs
  A ball python (D:2)
  A bat (D:2)
  3 goblins (D:2)
  3 hobgoblins
  5 jackals
  4 quokkas
  A frilled lizard (D:4)
  19 kobolds
  A quokka zombie (D:7)
355 creatures vanquished.

Vanquished Creatures (others)
  An unseen horror (D:12)
  2 humans (D:13)
  An orc (D:12)
  20 demonic plants (Gauntlet)
  2 withered plants (D:8)
26 creatures vanquished.

Grand Total: 381 creatures vanquished

Notes
Turn   | Place    | Note
-------+----------+-------------------------------------------
     0 | D:1      | Flugslaktarn the Deep Dwarf Fighter began the quest for the
                  | Orb.
     0 | D:1      | Reached XP level 1. HP: 20/20 MP: 1/1
    88 | D:2      | Found an ancient bone altar of Kikubaaqudgha.
   168 | D:2      | Reached XP level 2. HP: 17/27 MP: 2/2
   175 | D:2      | Found a bloodstained altar of Trog.
   318 | D:2      | Reached XP level 3. HP: 33/34 MP: 3/3
   607 | D:4      | Noticed Dowan
   608 | D:4      | Noticed Duvessa
   620 | D:4      | Killed Dowan
   620 | D:4      | Reached XP level 4. HP: 38/42 MP: 4/4
   637 | D:4      | Killed Duvessa
   637 | D:4      | Reached XP level 5. HP: 50/50 MP: 4/4
   770 | D:4      | Noticed Ijyb
   775 | D:4      | Killed Ijyb
   896 | D:4      | Noticed Edmund
   950 | D:4      | Killed Edmund
   950 | D:4      | Reached XP level 6. HP: 56/57 MP: 5/5
  1220 | D:5      | Entered Level 5 of the Dungeon
  1221 | D:5      | Noticed an ice beast
  1236 | D:5      | Killed an ice beast
  1248 | D:5      | Reached skill level 5 in Axes
  1248 | D:5      | Reached skill level 5 in Armour
  1248 | D:5      | Reached XP level 7. HP: 48/66 MP: 6/6
  1333 | D:5      | Found Vipaqub's Distillery.
  1345 | D:5      | Reached skill level 5 in Fighting
  1345 | D:5      | Reached skill level 1 in Dodging
  1413 | D:5      | Found a transporter.
  1425 | D:5      | Found a transporter.
  1433 | D:5      | Found a hazy altar of Hepliaklqana.
  1821 | D:5      | Found a staircase to the Ecumenical Temple.
  1854 | D:5      | Reached XP level 8. HP: 52/74 MP: 7/7
  1878 | Temple   | Entered the Ecumenical Temple
  1931 | Temple   | Became a worshipper of Makhleb the Destroyer
  2171 | D:6      | Found a bloodstained altar of Trog.
  2373 | D:6      | Reached skill level 1 in Invocations
  2821 | D:6      | Found a shimmering blue altar of Sif Muna.
  2931 | D:7      | Noticed Prince Ribbit
  2958 | D:7      | Reached * piety under Makhleb
  2965 | D:7      | Gained mutation: You passively map the area around you.
                  | [Deep Dwarf growth]
  2965 | D:7      | Reached XP level 9. HP: 29/84 MP: 7/7
  3002 | D:7      | Found a stormy altar of Qazlal.
  3384 | D:7      | Killed Prince Ribbit
  3434 | D:7      | Found a radiant altar of Vehumet.
  3666 | D:8      | Found a shimmering altar of Xom.
  3679 | D:8      | Reached skill level 1 in Evocations
  3802 | D:8      | Found an opulent altar of Gozag.
  3821 | D:8      | Found a runed translucent door.
  3822 | D:8      | Noticed sinister's ghost (journeyman FoFi)
  3875 | D:8      | Found a shadowy altar of Dithmenos.
  4008 | D:8      | Reached ** piety under Makhleb
  4714 | D:9      | Found a staircase to the Lair.
  4730 | D:9      | Reached XP level 10. HP: 31/94 MP: 7/7
  4839 | D:9      | Reached skill level 5 in Invocations
  4976 | D:9      | Identified a scroll of acquirement
  4976 | D:9      | Acquired a manual of Armour
  5230 | D:9      | Noticed a tengu warrior
  5281 | D:9      | Killed a tengu warrior
  5289 | D:9      | Reached skill level 5 in Dodging
  5394 | D:9      | Noticed a cyclops
  5395 | D:9      | Noticed a cyclops
  5401 | D:9      | Killed a cyclops
  5405 | D:9      | Killed a cyclops
  5513 | D:9      | Reached XP level 11. HP: 83/104 MP: 8/8
  5567 | D:9      | Reached *** piety under Makhleb
  5648 | D:9      | Reached skill level 5 in Evocations
  5770 | D:9      | Reached skill level 10 in Armour
  5841 | D:10     | Entered Level 10 of the Dungeon
  5864 | D:10     | Found Neegadgh's Armour Boutique.
  5884 | D:10     | Found Ynigaves's Jewellery Boutique.
  5930 | D:10     | Reached skill level 10 in Axes
  6114 | D:10     | Killed an unseen horror
  6250 | D:10     | Identified the +8 quarterstaff "Tormentor" {vorpal, MR+
                  | Str+2 Dex+4}
  6260 | D:10     | Found Vewotz's Antique Armour Boutique.
  6351 | D:10     | Reached **** piety under Makhleb
  6381 | D:10     | Got a slimy chain mail
  6392 | D:10     | Identified the +7 chain mail of Thoughtfulness {rElec rF+
                  | rN+} (You found it on level 10 of the Dungeon)
  6634 | D:11     | Found a glowing silver altar of Zin.
  6645 | D:11     | Found a gate leading to a gauntlet.
  6654 | Gauntlet | Entered a Gauntlet
  6654 | Gauntlet | Found a transporter.
  6654 | Gauntlet | Found a transporter.
  6656 | Gauntlet | Noticed a wizard
  6659 | Gauntlet | Found a transporter.
  6674 | Gauntlet | Found a transporter.
  6676 | Gauntlet | Noticed a catoblepas
  6679 | Gauntlet | Noticed a necromancer
  6688 | Gauntlet | Found a transporter.
  6701 | Gauntlet | Found a transporter.
  6703 | Gauntlet | Noticed a death yak
  6703 | Gauntlet | Noticed a death yak
  6704 | Gauntlet | Noticed a death yak
  6705 | Gauntlet | Noticed a death yak
  6715 | Gauntlet | Noticed a dire elephant
  6717 | Gauntlet | Found a transporter.
  6731 | Gauntlet | Noticed a death yak
  6783 | Gauntlet | Found a transporter.
  6798 | Gauntlet | Found a transporter.
  6805 | Gauntlet | Noticed a sixfirhy
  6806 | Gauntlet | Noticed a sixfirhy
  6812 | Gauntlet | Found a transporter.
  6825 | Gauntlet | Found a transporter.
  6828 | Gauntlet | Noticed a sixfirhy
  6836 | Gauntlet | Noticed a sixfirhy
  6840 | Gauntlet | Noticed a sixfirhy
  6915 | Gauntlet | Found a transporter.
  6925 | Gauntlet | Found a transporter.
  6926 | Gauntlet | Noticed an orange crystal statue
  6935 | Gauntlet | Found a transporter.
  6937 | Gauntlet | Found a transporter.
  6959 | Gauntlet | Found a transporter.
  7047 | Gauntlet | Got an ancient pewter ring
  7098 | Gauntlet | Noticed a catoblepas
  7108 | Gauntlet | Killed an orange crystal statue
  7117 | Gauntlet | Got a slimy platinum ring
  7143 | Gauntlet | Killed a sixfirhy
  7144 | Gauntlet | Killed a sixfirhy
  7151 | Gauntlet | Killed a sixfirhy
  7166 | Gauntlet | Got a crude cloak
  7178 | Gauntlet | Identified the +0 cloak "Qoahoduv" {Harm rElec Str-4} (You
                  | found it in a Gauntlet)
  7189 | Gauntlet | Noticed a minotaur
  7215 | Gauntlet | Killed a minotaur
  7229 | Gauntlet | Identified the Incunabulum of Toxic Ice
  7231 | Gauntlet | Identified the Compendium of Malediction
  7254 | D:11     | Identified the ring "Rihisubb" {Fire rPois Str+4 Int-5
                  | Dex+2} (You found it in a Gauntlet)
  7256 | D:11     | Identified the ring "Belaogu" {Ice Dex+5 Stlth+} (You found
                  | it in a Gauntlet)
  7320 | D:11     | Reached XP level 12. HP: 82/116 MP: 9/9
  7514 | D:11     | Noticed Gastronok
  7528 | D:11     | Killed Gastronok
  7528 | D:11     | Reached skill level 10 in Fighting
  7581 | D:11     | Noticed Josephine
  7583 | D:11     | Noticed Fannar
  7591 | D:11     | Killed Josephine
  7613 | D:11     | Killed Fannar
  7880 | D:11     | Reached ***** piety under Makhleb
  8472 | D:12     | Noticed a two-headed ogre
  8488 | D:12     | Killed a two-headed ogre
  8551 | D:12     | Found a staircase to the Orcish Mines.
  8754 | D:13     | Found a gate to the Vaults.
  8754 | D:13     | Noticed a centaur warrior
  8754 | D:13     | Noticed a two-headed ogre
  8754 | D:13     | Noticed a rakshasa
  8760 | D:13     | Reached XP level 13. HP: 126/126 MP: 12/12
  8838 | D:13     | Reached skill level 10 in Invocations
  8985 | D:13     | Found a blossoming altar of Fedhas.
  9064 | D:13     | Noticed Frances
  9076 | D:13     | Killed from afar by Frances

Illustrated notes

Levels and vault maps discovered:
D:1:      ncdulo_wetmaze, layout_loops_corners, minmay_tetromino_i4
D:2:      layout_loops_corners, lemuel_doored_altar, overflow_temple_1_default,
          trog_butcher_becter
D:3:      layout_loops_ring, serial_forest, infiniplex_forest_lined_4_way,
          infiniplex_forest_clump_tiny, infiniplex_forest_clump_curved,
          infiniplex_forest_3_way, infiniplex_forest_lined_2, uniq_natasha
D:4:      layout_loops_cross, uniq_ijyb, uniq_edmund, uniq_duvessa
D:5:      layout_basic, gammafunk_temple_overflow_arena, temple_green,
          serial_shops, shop_fountains
D:6:      layout_basic, lemuel_crystal_altar, kennysheep_little_box,
          serial_rivers, chequers_serial_rivers_large_a,
          chequers_serial_rivers_small_b, chequers_serial_rivers_marsh,
          chequers_serial_rivers_micro_d, chequers_serial_rivers_marsh,
          chequers_serial_rivers_small_3
D:7:      layout_loops_cross, nicolae_qazlal_general_emergency,
          overflow_temple_1_default, minmay_checkerbox, uniq_prince_ribbit1
D:8:      layout_gridville, kennysheep_mini_moat,
          nicolae_dithmenos_the_darkroom, basic_altar, gammafunk_ghost_grave
D:9:      minmay_tri_box, layout_stronghold, erik_lair_orcish_takeover,
          roderic_roman_lattice, hangedman_weighted_door, hex_tiny
D:10:     layout_stronghold, serial_shops, nicolae_shop_window_shopping, shop,
          kennysheep_mini
D:11:     layout_gridville, gauntlet_entry_generic, basic_altar, uniq_gastronok,
          uniq_fannar, uniq_josephine
D:12:     layout_basic, erik_orc_1
D:13:     layout_cross, david_vaults_3, eino_curves_04,
          david_defended_altar_elf, uniq_frances
Temple:   nicolae_temple_god_jail

Skill      XL: |  1  2  3  4  5  6  7  8  9 10 11 12 13 |
---------------+----------------------------------------+-----
Fighting       | 3 4 5 6 7 8 9 10 11 | 11.4
Axes           | 3 4 5 7 8 9 11 12 13 | 13.0
Armour         | 4 5 6 7 8 9 11 12 13 | 13.1
Shields        | 4 |  4.6
Dodging        | 1 3 4 5 6 |  6.0
Invocations    | 2 4 6 7 9 10 | 10.0
Evocations     | 2 4 6 8 9 |  9.4

Action                   |  1- 3 |  4- 6 |  7- 9 | 10-12 | 13-15 || total
-------------------------+-------+-------+-------+-------+-------++-------
Melee: War axe           |    86 |   113 |   530 |   610 |    75 ||  1414
 Abil: Heal Wounds       |     1 |     5 |    15 |     5 |     1 ||    27
Evoke: Wand              |       |       |     2 |     1 |       ||     3
  Use: Potion            |       |       |     1 |     3 |       ||     4
       Scroll            |       |       |    13 |     5 |       ||    18
 Stab: Confused          |       |       |       |     3 |       ||     3
Armor: Scale mail        |     8 |       |       |       |       ||     8
       Gold dragon scale |    63 |    54 |   500 |   169 |       ||   786
       Chain mail        |       |       |       |   259 |    75 ||   334
Dodge: Dodged            |    10 |     4 |    80 |   195 |    46 ||   335
Block: Kite shield       |    51 |    58 |   335 |   387 |    62 ||   893

Table legend: (Time is in decaauts)
 A = Elapsed time spent in this place.
 B = Non-inter-level travel time spent in this place.
 C = Inter-level travel time spent in this place.
 D = Time resting spent in this place.
 E = Time spent auto-exploring this place.
 F = Levels seen in this place.
 G = Mean time per level.
                   A        B        C        D        E       F      G
               +--------+--------+--------+--------+--------+-----+--------+
         Total |   9337 |   8922 |    415 |    122 |   6057 |  15 |  622.5 |
       Dungeon |   8685 |   8297 |    388 |    122 |   5680 |  13 |  668.1 |
        Temple |     63 |     36 |     27 |      0 |     34 |   1 |   63.0 |
      Gauntlet |    587 |    587 |      0 |      0 |    343 |   1 |  587.0 |
               +--------+--------+--------+--------+--------+-----+--------+

Top non-repeatable levels by time:
     D:9: 1226 daAuts
     D:8: 978 daAuts
     D:5: 922 daAuts
     D:6: 814 daAuts
    D:10: 800 daAuts
     D:7: 793 daAuts
    D:12: 774 daAuts
    D:11: 763 daAuts
     D:4: 694 daAuts
Gauntlet: 587 daAuts
     D:2: 422 daAuts
    D:13: 321 daAuts
     D:3: 112 daAuts
  Temple: 63 daAuts
     D:1: 60 daAuts
